2033 views
Uploaded 2022-11-08 02:35:33
Game version 1.33
35:09 long 2on2 ladder game on (4)Avalanche_LV
Saved by Cabeelibob
2033 views
Uploaded 2022-11-08 02:35:33
Game version 1.33
35:09 long 2on2 ladder game on (4)Avalanche_LV


97 units @ 9.2k
/ 1.6k
111 buildings @ 6.8k
/ 3.4k


| Orb of Fire | 1 | 325 |
| total: | 1 | 325g |
| Peasant | 25 | 1875 | / | 0 |
| Footman | 4 | 540 | / | 0 |
| Flying Machine | 44 | 4400 | / | 1320 |
| Mortar Team | 2 | 360 | / | 140 |
| total: | 75 | 7175g | / | 1460w |
| Scout Tower | 26 | 780 | / | 520 |
| Arcane Tower | 1 | 70 | / | 50 |
| Guard Tower | 12 | 840 | / | 600 |
| Altar of Kings | 1 | 180 | / | 50 |
| Barracks | 1 | 160 | / | 60 |
| Farm | 15 | 1200 | / | 300 |
| Lumber Mill | 2 | 240 | / | 0 |
| Town Hall | 1 | 385 | / | 205 |
| Blacksmith | 2 | 280 | / | 120 |
| Arcane Vault | 2 | 260 | / | 60 |
| Workshop | 3 | 420 | / | 420 |
| Keep | 1 | 320 | / | 210 |
| Castle | 1 | 360 | / | 210 |
| total: | 53 | 3905g | / | 1735w |
| 0:02 | Peasant |
| 0:14 | Peasant |
| 0:18 | Altar of Kings |
| 0:27 | Peasant |
| 0:32 | Barracks |
| 0:34 | Farm |
| 0:35 | Peasant |
| 0:40 | Peasant |
| 1:00 | Peasant |
| 1:03 | Farm |
| 1:30 | Peasant |
| 1:37 | Scout Tower |
| 1:46 | Footman |
| 1:55 | Footman |
| 2:14 | Arcane Tower |
| 2:21 | Scout Tower |
| 2:26 | Footman |
| 2:31 | Peasant |
| 2:36 | Lumber Mill |
| 2:40 | Lumber Mill |
| 2:42 | Peasant |
| 2:48 | Storm Bolt |
| 3:04 | Farm |
| 3:06 | Farm |
| 3:39 | Bash |
| 3:42 | Guard Tower |
| 3:43 | Scout Tower |
| 3:44 | Scout Tower |
| 4:00 | Peasant |
| 4:03 | Farm |
| 4:09 | Improved Lumber Harvesting |
| 4:09 | Improved Masonry |
| 4:11 | Peasant |
| 4:12 | Guard Tower |
| 4:35 | Scout Tower |
| 4:36 | Guard Tower |
| 4:58 | Scout Tower |
| 5:01 | Footman |
| 5:08 | Guard Tower |
| 5:43 | Guard Tower |
| 5:44 | Scout Tower |
| 5:44 | Scout Tower |
| 5:45 | Scout Tower |
| 5:46 | Scout Tower |
| 5:50 | Peasant |
| 5:52 | Peasant |
| 6:23 | Guard Tower |
| 6:25 | Scout Tower |
| 6:26 | Scout Tower |
| 6:27 | Scout Tower |
| 6:28 | Scout Tower |
| 6:35 | Peasant |
| 6:38 | Peasant |
| 7:03 | Town Hall |
| 7:06 | Guard Tower |
| 7:08 | Scout Tower |
| 7:09 | Scout Tower |
| 7:09 | Scout Tower |
| 7:10 | Scout Tower |
| 7:18 | Guard Tower |
| 7:29 | Bash |
| 7:38 | Guard Tower |
| 8:47 | Peasant |
| 8:47 | Peasant |
| 8:54 | Peasant |
| 8:54 | Peasant |
| 9:02 | Keep |
| 9:03 | Guard Tower |
| 9:05 | Scout Tower |
| 9:06 | Scout Tower |
| 9:17 | Storm Bolt |
| 9:18 | Peasant |
| 9:19 | Peasant |
| 9:57 | Guard Tower |
| 10:01 | Peasant |
| 10:01 | Peasant |
| 10:26 | Holy Light |
| 10:33 | Blacksmith |
| 10:35 | Blacksmith |
| 11:22 | Castle |
| 11:40 | Workshop |
| 11:41 | Workshop |
| 11:42 | Workshop |
| 11:45 | Black Gunpowder |
| 12:00 | Advanced Masonry |
| 12:00 | Advanced Lumber Harvesting |
| 12:25 | Holy Light |
| 12:47 | Flying Machine |
| 12:50 | Flak Cannons |
| 12:50 | Flare |
| 12:53 | Refined Gunpowder |
| 13:33 | Flying Machine |
| 13:33 | Flying Machine |
| 13:33 | Flying Machine |
| 13:33 | Flying Machine |
| 13:34 | Flying Machine |
| 13:34 | Flying Machine |
| 14:03 | Farm |
| 14:04 | Farm |
| 14:06 | Farm |
| 14:30 | Flying Machine |
| 15:01 | Farm |
| 15:15 | Divine Shield |
| 15:22 | Flying Machine |
| 15:23 | Flying Machine |
| 15:47 | Divine Shield |
| 15:59 | Imbued Masonry |
| 16:08 | Scout Tower |
| 16:09 | Scout Tower |
| 16:09 | Scout Tower |
| 16:14 | Scout Tower |
| 16:15 | Scout Tower |
| 16:16 | Scout Tower |
| 16:24 | Flying Machine |
| 16:24 | Flying Machine |
| 16:24 | Flying Machine |
| 16:48 | Guard Tower |
| 17:06 | Farm |
| 17:07 | Farm |
| 17:33 | Farm |
| 17:35 | Farm |
| 17:42 | Peasant |
| 17:42 | Peasant |
| 17:44 | Flying Machine |
| 17:44 | Flying Machine |
| 17:45 | Flying Machine Bombs |
| 17:45 | Fragmentation Shards |
| 17:45 | Flying Machine |
| 18:20 | Flying Machine |
| 18:20 | Flying Machine |
| 18:20 | Flying Machine |
| 18:20 | Flying Machine |
| 18:21 | Flying Machine |
| 18:21 | Flying Machine |
| 18:38 | Imbued Gunpowder |
| 18:38 | Iron Plating |
| 19:42 | Flying Machine |
| 19:42 | Flying Machine |
| 19:42 | Flying Machine |
| 19:59 | Storm Bolt |
| 20:00 | Bash |
| 20:02 | Bash |
| 20:31 | Arcane Vault |
| 20:34 | Arcane Vault |
| 21:14 | Mortar Team |
| 21:15 | Mortar Team |
| 22:06 | Orb of Fire |
| 22:33 | Holy Light |
| 22:34 | Holy Light |
| 23:01 | Steel Plating |
| 23:44 | Flying Machine |
| 23:45 | Flying Machine |
| 24:13 | Flying Machine |
| 24:13 | Flying Machine |
| 24:13 | Flying Machine |
| 24:14 | Flying Machine |
| 24:50 | Farm |
| 24:50 | Farm |
| 25:56 | Flying Machine |
| 25:56 | Flying Machine |
| 27:05 | Flying Machine |
| 28:46 | Barrage |
| 30:10 | Flying Machine |
| 30:11 | Flying Machine |
| 30:11 | Flying Machine |
| 30:11 | Flying Machine |
| 30:11 | Flying Machine |
| 30:11 | Flying Machine |
| 32:37 | Flying Machine |
| 32:38 | Flying Machine |
| 32:38 | Flying Machine |
| 33:01 | Mithril Plating |
| 33:27 | Flying Machine |
| Right click | 1213 |
| Select group | 419 |
| Select | 412 |
| Misc. action | 143 |
| Build/train/purchase | 135 |
| Use ability | 86 |
| Minimap ping | 22 |
| Assign group | 16 |
| Esc | 4 |
| Item give/drop | 3 |
Cabeelibob
(194)
(34:36) : 
| Orb of Fire | 1 | 325 |
| total: | 1 | 325g |
| Peasant | 19 | 1425 | / | 0 |
| Dragonhawk Rider | 3 | 600 | / | 90 |
| total: | 22 | 2025g | / | 90w |
| Scout Tower | 48 | 1440 | / | 960 |
| Arcane Tower | 4 | 280 | / | 200 |
| Guard Tower | 19 | 1330 | / | 950 |
| Altar of Kings | 1 | 180 | / | 50 |
| Farm | 4 | 320 | / | 80 |
| Lumber Mill | 1 | 120 | / | 0 |
| Town Hall | 1 | 385 | / | 205 |
| Arcane Vault | 1 | 130 | / | 30 |
| Gryphon Aviary | 1 | 140 | / | 150 |
| Arcane Sanctum | 1 | 150 | / | 140 |
| Keep | 1 | 320 | / | 210 |
| Castle | 1 | 360 | / | 210 |
| total: | 58 | 2865g | / | 1615w |
| 0:05 | Altar of Kings |
| 0:09 | Farm |
| 0:11 | Peasant |
| 0:12 | Peasant |
| 0:27 | Peasant |
| 0:37 | Peasant |
| 0:49 | Scout Tower |
| 0:55 | Lumber Mill |
| 0:56 | Peasant |
| 1:04 | Peasant |
| 1:11 | Peasant |
| 1:18 | Arcane Tower |
| 1:33 | Peasant |
| 1:40 | Farm |
| 1:42 | Peasant |
| 2:09 | Storm Bolt |
| 2:14 | Peasant |
| 2:20 | Improved Masonry |
| 2:32 | Farm |
| 2:47 | Scout Tower |
| 2:50 | Farm |
| 2:52 | Scout Tower |
| 2:53 | Peasant |
| 3:04 | Peasant |
| 3:14 | Scout Tower |
| 3:17 | Peasant |
| 3:26 | Improved Lumber Harvesting |
| 3:36 | Peasant |
| 3:42 | Peasant |
| 3:51 | Guard Tower |
| 3:57 | Scout Tower |
| 3:58 | Scout Tower |
| 3:58 | Scout Tower |
| 4:01 | Guard Tower |
| 4:29 | Scout Tower |
| 4:42 | Guard Tower |
| 4:44 | Scout Tower |
| 4:45 | Scout Tower |
| 4:45 | Scout Tower |
| 5:01 | Keep |
| 5:06 | Guard Tower |
| 5:13 | Arcane Tower |
| 5:18 | Scout Tower |
| 5:19 | Scout Tower |
| 5:19 | Scout Tower |
| 6:24 | Scout Tower |
| 6:25 | Scout Tower |
| 6:26 | Scout Tower |
| 6:59 | Guard Tower |
| 7:06 | Guard Tower |
| 7:15 | Scout Tower |
| 7:15 | Scout Tower |
| 7:16 | Scout Tower |
| 7:23 | Advanced Masonry |
| 7:36 | Town Hall |
| 7:47 | Castle |
| 8:03 | Guard Tower |
| 8:08 | Scout Tower |
| 8:09 | Scout Tower |
| 8:11 | Scout Tower |
| 8:11 | Scout Tower |
| 8:12 | Scout Tower |
| 8:49 | Guard Tower |
| 8:51 | Guard Tower |
| 8:54 | Scout Tower |
| 8:56 | Guard Tower |
| 9:06 | Scout Tower |
| 9:07 | Scout Tower |
| 9:09 | Scout Tower |
| 9:24 | Arcane Tower |
| 9:26 | Scout Tower |
| 9:39 | Guard Tower |
| 9:48 | Guard Tower |
| 9:55 | Gryphon Aviary |
| 10:04 | Arcane Vault |
| 10:10 | Imbued Masonry |
| 10:31 | Guard Tower |
| 10:38 | Scout Tower |
| 10:38 | Scout Tower |
| 10:39 | Scout Tower |
| 10:44 | Guard Tower |
| 11:13 | Cloud |
| 11:19 | Arcane Sanctum |
| 11:21 | Peasant |
| 11:21 | Peasant |
| 11:29 | Scout Tower |
| 11:56 | Dragonhawk Rider |
| 12:05 | Guard Tower |
| 12:16 | Peasant |
| 12:16 | Peasant |
| 12:35 | Magic Sentry |
| 12:44 | Dragonhawk Rider |
| 14:45 | Guard Tower |
| 16:11 | Scout Tower |
| 16:12 | Scout Tower |
| 16:12 | Scout Tower |
| 16:13 | Scout Tower |
| 16:16 | Scout Tower |
| 16:20 | Scout Tower |
| 16:20 | Scout Tower |
| 16:39 | Scout Tower |
| 16:40 | Scout Tower |
| 17:16 | Guard Tower |
| 17:18 | Guard Tower |
| 17:20 | Scout Tower |
| 17:21 | Scout Tower |
| 17:24 | Scout Tower |
| 17:27 | Scout Tower |
| 17:28 | Scout Tower |
| 20:18 | Dragonhawk Rider |
| 20:41 | Guard Tower |
| 22:13 | Orb of Fire |
| Right click | 1368 |
| Select group | 514 |
| Select | 444 |
| Build/train/purchase | 74 |
| Resource trade | 60 |
| Misc. action | 48 |
| Assign group | 46 |
| Use ability | 9 |
| Esc | 3 |
| Minimap ping | 3 |
112 units @ 18.2k
/ 3.3k
56 buildings @ 6.7k
/ 3.2k

| Peon | 11 | 825 | / | 0 |
| Grunt | 1 | 200 | / | 0 |
| total: | 12 | 1025g | / | 0w |
| Altar of Storms | 1 | 180 | / | 50 |
| Barracks | 1 | 180 | / | 50 |
| Orc Burrow | 4 | 640 | / | 160 |
| War Mill | 1 | 205 | / | 0 |
| total: | 7 | 1205g | / | 260w |
| 0:24 | Peon |
| 0:54 | Altar of Storms |
| 1:12 | Peon |
| 1:12 | Peon |
| 1:13 | Peon |
| 1:35 | Barracks |
| 1:43 | Peon |
| 2:12 | Orc Burrow |
| 2:44 | Peon |
| 2:44 | Peon |
| 3:11 | Orc Burrow |
| 3:25 | Orc Burrow |
| 3:36 | Orc Burrow |
| 3:46 | War Mill |
| 3:51 | Peon |
| 4:14 | Grunt |
| 5:18 | Peon |
| 5:19 | Peon |
| 5:20 | Peon |
| 5:49 | Shockwave |
| Select | 61 |
| Right click | 31 |
| Build/train/purchase | 16 |
| Misc. action | 3 |
| Use ability | 1 |
| Remove unit | 1 |
| Esc | 1 |



x1)
| Lesser Clarity Potion | 6 | 420 |
| Scroll of Regeneration | 7 | 700 |
| Potion of Healing | 1 | 150 |
| Staff of Sanctuary | 1 | 250 |
| Scroll of Town Portal | 7 | 2450 |
| Scroll of Healing | 7 | 1750 |
| Boots of Speed | 1 | 250 |
| Circlet of Nobility | 1 | 175 |
| Tome of Retraining | 2 | 600 |
| Potion of Lesser Invulnerability | 1 | 150 |
| Scroll of Protection | 2 | 300 |
| total: | 36 | 7195g |
| Peasant | 21 | 1575 | / | 0 |
| Footman | 10 | 1350 | / | 0 |
| Gryphon Rider | 21 | 5880 | / | 1470 |
| Troll Headhunter | 6 | 840 | / | 120 |
| Wind Rider | 8 | 2120 | / | 320 |
| Troll Batrider | 34 | 5440 | / | 1360 |
| total: | 100 | 17205g | / | 3270w |
| Scout Tower | 13 | 390 | / | 260 |
| Arcane Tower | 7 | 490 | / | 350 |
| Guard Tower | 6 | 420 | / | 300 |
| Altar of Kings | 1 | 180 | / | 50 |
| Farm | 11 | 880 | / | 220 |
| Barracks | 1 | 160 | / | 60 |
| Town Hall | 3 | 1155 | / | 615 |
| Lumber Mill | 1 | 120 | / | 0 |
| Arcane Vault | 2 | 260 | / | 60 |
| Blacksmith | 1 | 140 | / | 60 |
| Gryphon Aviary | 3 | 420 | / | 450 |
| Keep | 2 | 640 | / | 420 |
| Castle | 2 | 720 | / | 420 |
| Watch Tower | 4 | 440 | / | 320 |
| Voodoo Lounge | 1 | 130 | / | 30 |
| Orc Burrow | 3 | 480 | / | 120 |
| Beastiary | 5 | 725 | / | 700 |
| Stronghold | 2 | 630 | / | 380 |
| Fortress | 2 | 650 | / | 380 |
| total: | 49 | 5480g | / | 2945w |
| 0:02 | Peasant |
| 0:05 | Altar of Kings |
| 0:07 | Farm |
| 0:11 | Peasant |
| 0:11 | Peasant |
| 0:38 | Peasant |
| 0:46 | Barracks |
| 1:02 | Peasant |
| 1:03 | Farm |
| 1:16 | Peasant |
| 1:22 | Peasant |
| 1:22 | Peasant |
| 1:35 | Peasant |
| 1:45 | Farm |
| 1:48 | Summon Water Elemental |
| 1:49 | Footman |
| 1:56 | Peasant |
| 2:07 | Peasant |
| 2:08 | Peasant |
| 2:16 | Footman |
| 2:16 | Footman |
| 2:25 | Peasant |
| 2:25 | Peasant |
| 2:37 | Footman |
| 2:45 | Peasant |
| 2:50 | Scout Tower |
| 2:51 | Scout Tower |
| 2:58 | Brilliance Aura |
| 2:59 | Footman |
| 3:08 | Farm |
| 3:30 | Town Hall |
| 3:44 | Peasant |
| 3:56 | Peasant |
| 4:17 | Farm |
| 4:19 | Summon Water Elemental |
| 4:22 | Footman |
| 4:26 | Boots of Speed |
| 4:26 | Circlet of Nobility |
| 4:32 | Arcane Tower |
| 5:01 | Peasant |
| 5:04 | Lumber Mill |
| 5:09 | Footman |
| 5:17 | Farm |
| 5:35 | Keep |
| 5:36 | Footman |
| 5:36 | Footman |
| 5:47 | Scout Tower |
| 5:50 | Arcane Vault |
| 6:03 | Footman |
| 6:12 | Farm |
| 6:19 | Arcane Tower |
| 6:20 | Scout Tower |
| 6:22 | Scout Tower |
| 6:24 | Scout Tower |
| 6:31 | Blacksmith |
| 6:33 | Peasant |
| 6:33 | Peasant |
| 6:33 | Peasant |
| 6:50 | Stronghold |
| 6:56 | Troll Headhunter |
| 6:56 | Troll Headhunter |
| 6:56 | Troll Headhunter |
| 6:56 | Troll Headhunter |
| 6:56 | Troll Headhunter |
| 6:56 | Troll Headhunter |
| 7:03 | Watch Tower |
| 7:03 | Watch Tower |
| 7:09 | Watch Tower |
| 7:13 | Brilliance Aura |
| 7:17 | Guard Tower |
| 7:19 | Scout Tower |
| 7:23 | Improved Lumber Harvesting |
| 7:23 | Advanced Lumber Harvesting |
| 7:23 | Improved Masonry |
| 7:26 | Watch Tower |
| 7:31 | Scroll of Town Portal |
| 7:39 | Tome of Retraining |
| 7:39 | Tome of Retraining |
| 7:39 | Retrain Hero |
| 7:40 | Blizzard |
| 7:40 | Blizzard |
| 7:40 | Brilliance Aura |
| 7:51 | Guard Tower |
| 8:18 | Castle |
| 8:46 | Lesser Clarity Potion |
| 8:48 | Scroll of Regeneration |
| 8:59 | Gryphon Aviary |
| 9:00 | Gryphon Aviary |
| 9:02 | Gryphon Aviary |
| 9:13 | Fortress |
| 9:15 | Reinforced Defenses |
| 9:22 | Scroll of Town Portal |
| 9:22 | Scroll of Town Portal |
| 9:36 | Advanced Masonry |
| 9:36 | Imbued Masonry |
| 9:41 | Beastiary |
| 9:42 | Beastiary |
| 9:44 | Beastiary |
| 10:05 | Storm Bolt |
| 10:05 | Storm Bolt |
| 10:29 | Scroll of Regeneration |
| 10:37 | Beastiary |
| 10:41 | Scroll of Regeneration |
| 10:45 | Animal War Training |
| 10:46 | Storm Hammers |
| 10:46 | Gryphon Rider |
| 10:52 | Voodoo Lounge |
| 10:55 | Wind Rider |
| 10:55 | Wind Rider |
| 10:55 | Wind Rider |
| 10:55 | Wind Rider |
| 11:23 | Gryphon Rider |
| 11:23 | Gryphon Rider |
| 11:25 | Farm |
| 11:26 | Farm |
| 11:27 | Farm |
| 11:29 | Iron Forged Swords |
| 11:38 | Wind Rider |
| 11:38 | Wind Rider |
| 11:38 | Envenomed Spears |
| 11:52 | Gryphon Rider |
| 11:52 | Gryphon Rider |
| 11:55 | Holy Light |
| 12:05 | Potion of Lesser Invulnerability |
| 12:09 | Scroll of Town Portal |
| 12:15 | Orc Burrow |
| 12:17 | Orc Burrow |
| 12:24 | Gryphon Rider |
| 12:50 | Farm |
| 12:53 | Scroll of Protection |
| 13:02 | Scroll of Healing |
| 13:36 | Gryphon Rider |
| 13:39 | Wind Rider |
| 13:39 | Wind Rider |
| 13:44 | Orc Burrow |
| 14:19 | Thunder Clap |
| 14:22 | Gryphon Rider |
| 14:22 | Gryphon Rider |
| 14:37 | Blizzard |
| 14:46 | Troll Batrider |
| 14:46 | Troll Batrider |
| 14:58 | Divine Shield |
| 15:27 | Scroll of Regeneration |
| 15:32 | Lesser Clarity Potion |
| 15:32 | Potion of Healing |
| 15:33 | Staff of Sanctuary |
| 15:48 | Troll Batrider |
| 15:48 | Troll Batrider |
| 15:48 | Troll Batrider |
| 15:48 | Troll Batrider |
| 16:03 | Scroll of Town Portal |
| 16:04 | Scroll of Healing |
| 16:18 | Beastiary |
| 16:32 | Gryphon Rider |
| 17:05 | Troll Batrider |
| 17:05 | Troll Batrider |
| 17:05 | Troll Batrider |
| 17:05 | Troll Batrider |
| 17:15 | Gryphon Rider |
| 17:28 | Gryphon Rider |
| 17:33 | Troll Batrider |
| 17:33 | Troll Batrider |
| 17:33 | Troll Batrider |
| 18:30 | Holy Light |
| 18:31 | Holy Light |
| 18:38 | Storm Bolt |
| 18:40 | Troll Batrider |
| 18:40 | Troll Batrider |
| 18:41 | Troll Batrider |
| 18:49 | Gryphon Rider |
| 19:05 | Troll Batrider |
| 19:05 | Troll Batrider |
| 19:51 | Gryphon Rider |
| 19:52 | Scroll of Regeneration |
| 19:55 | Lesser Clarity Potion |
| 19:55 | Lesser Clarity Potion |
| 20:14 | Troll Batrider |
| 20:15 | Troll Batrider |
| 20:15 | Troll Batrider |
| 20:46 | Studded Leather Armor |
| 20:47 | Reinforced Leather Armor |
| 20:52 | Town Hall |
| 20:56 | Scroll of Regeneration |
| 20:59 | Scroll of Town Portal |
| 21:01 | Lesser Clarity Potion |
| 21:01 | Lesser Clarity Potion |
| 21:20 | Scroll of Healing |
| 21:20 | Scroll of Healing |
| 21:31 | Scroll of Healing |
| 21:53 | Thunder Clap |
| 22:06 | Troll Batrider |
| 22:06 | Troll Batrider |
| 22:06 | Troll Batrider |
| 22:07 | Troll Batrider |
| 22:07 | Troll Batrider |
| 23:05 | Troll Batrider |
| 23:05 | Troll Batrider |
| 24:39 | Scout Tower |
| 24:39 | Scout Tower |
| 24:40 | Scout Tower |
| 24:41 | Scout Tower |
| 25:00 | Scroll of Healing |
| 25:10 | Steel Forged Swords |
| 25:10 | Dragonhide Armor |
| 25:21 | Guard Tower |
| 25:35 | Mass Teleport |
| 25:42 | Town Hall |
| 25:43 | Arcane Tower |
| 25:45 | Arcane Vault |
| 25:56 | Troll Batrider |
| 25:57 | Troll Batrider |
| 25:57 | Troll Batrider |
| 25:57 | Troll Batrider |
| 26:48 | Scout Tower |
| 26:50 | Scout Tower |
| 27:01 | Divine Shield |
| 27:03 | Gryphon Rider |
| 27:16 | Guard Tower |
| 28:38 | Mithril Forged Swords |
| 28:39 | Black Gunpowder |
| 30:03 | Gryphon Rider |
| 30:03 | Gryphon Rider |
| 30:03 | Gryphon Rider |
| 30:04 | Gryphon Rider |
| 30:19 | Scroll of Regeneration |
| 30:30 | Scroll of Town Portal |
| 31:47 | Gryphon Rider |
| 32:43 | Scroll of Healing |
| 32:45 | Scroll of Protection |
| 33:35 | Gryphon Rider |
| 33:41 | Troll Batrider |
| 33:41 | Troll Batrider |
| 34:20 | Storm Bolt |
| Select group | 5867 |
| Right click | 3375 |
| Select | 1152 |
| Build/train/purchase | 356 |
| Use ability | 290 |
| Misc. action | 161 |
| Assign group | 103 |
| Item give/drop | 9 |
| Remove unit | 8 |
| Esc | 6 |